AoeStats
← HD_Daniel

African Clearing

505788451Analyzed
4v4 RM · 20d ago on Sep 11, 2026· 33m 47s· 8 players
Game mode
Random Map
Map size
Large (8 player)
Population
200
Speed
Normal
Resources
Standard
Victory
Conquest
Starting age
Dark Age
Ending age
Imperial Age
RankedLock teamsTeams togetherTeam positionsShared explorationLock speedFull tech treeHidden civsTurbo modeCheats
Victory
Defeat
🇲🇽 Magyars · Mexico
1420
+17
🇲🇽 Vikings · Mexico
1401
+17
🇲🇽 Malians · Mexico
1398
+18
🇲🇽 Wu · Mexico
1387
+18
🇹🇼 Malay · Taiwan
1502
-20
🇺🇸 Wei · United States
1436
-18
🇨🇦 Huns · Canada
1417
-17
🇺🇸 Inca · United States
1374
-15
HD_Daniel
10:12 Loom
13:04 Feudal Age
17:17 Castle Age
15:18 Double-Bit Axe
24:58 Fletching
26:18 Horse Collar
27:30 Bow Saw
27:59 Heavy Plow
28:53 Gold Mining
31:07 Scale Barding Armor
36:04 Imperial Age
34:31 Chain Barding Armor
34:26 Bloodlines
GEN0S
12:03 Feudal Age
12:10 Man-at-Arms
13:02 Arson
16:26 Double-Bit Axe
19:39 Loom
22:57 Castle Age
21:49 Scale Barding Armor
22:33 Bloodlines
22:26 Horse Collar
23:03 Light Cavalry
26:05 Husbandry
27:48 Chain Barding Armor
29:10 Bow Saw
Koatlistak
6:32 Loom
12:31 Feudal Age
15:32 Fletching
23:02 Castle Age
21:07 Town Watch
23:58 Bodkin Arrow
Mr_Mantequilla
8:45 Loom
13:16 Feudal Age
17:37 Castle Age
16:02 Scale Mail Armor
16:06 Double-Bit Axe
16:25 Arson
18:11 Forging
19:03 Chain Mail Armor
32:10 Horse Collar
MJZ
6:53 Loom
12:23 Feudal Age
13:12 Double-Bit Axe
20:22 Castle Age
19:43 Stone Mining
20:52 Fletching
27:06 Bow Saw
31:01 Bodkin Arrow
Masp
3:12 Loom
4:45 Loom
14:42 Feudal Age
18:49 Castle Age
17:04 Fletching
17:48 Town Watch
18:50 Double-Bit Axe
19:30 Bodkin Arrow
20:19 Bloodlines
21:28 Bow Saw
23:38 Husbandry
31:17 Ballistics
PlanetaryWizard
6:55 Loom
12:42 Feudal Age
13:00 Loom
13:14 Double-Bit Axe
17:07 Wheelbarrow
25:10 Castle Age
23:18 Fletching
27:30 Bow Saw
28:17 Horse Collar
28:32 Gold Mining
30:55 Wheelbarrow
30:48 Pikeman
32:25 Town Watch
sillyoyo
11:37 Feudal Age
11:11 Loom
13:55 Fletching
20:05 Double-Bit Axe
25:14 Castle Age
Connection lost

Rejoining the realm…

Still unreachable

The connection could not be restored.

Session expired

The server has moved on; the page needs a fresh start.